 Dungeon Crawl Stone Soup version 0.28-a0-556-gab23d0e057 (webtiles) character file.

Game seed: 18008549637938949758

4 jasper the Stinger (level 1, 0/13 HPs)
             Began as a Demonspawn Venom Mage on Sept 28, 2021.
             Succumbed to a scorpion's poison
             ... on level 4 of the Dungeon.
             The game lasted 00:00:50 (184 turns).

jasper the Stinger (Demonspawn Venom Mage)           Turns: 184, Time: 00:00:50

Health: 0/13       AC:  2    Str:  8    XL:     1   Next: 58%
Magic:  0/3        EV: 12    Int: 16    God:
Gold:   9          SH:  0    Dex: 13    Spells: 3/4 levels left

rFire   . . .      SeeInvis .   (no weapon)
rCold   . . .      Faith    .   (no shield)
rNeg    . . .      Spirit   .   a - +0 robe
rPois   .          Reflect  .   (no helmet)
rElec   .          Harm     .   (no cloak)
rCorr   .          Rampage  .   (no gloves)
Will    .....                   (no boots)
Stlth   ++........              (no amulet)
HPRegen 0.04/turn               (no ring)
MPRegen 0.08/turn               (no ring)

@: lethally poisoned (0 -> -3)
A: no striking features
a: no special abilities


You were on level 4 of the Dungeon.
You visited 1 branch of the dungeon, and saw 4 of its levels.

You collected 9 gold pieces.

Inventory:

Armour
 a - a +0 robe (worn)


   Skills:
 - Level 1.7 Dodging
 - Level 1.7 Stealth
 - Level 2.0 Spellcasting
 - Level 0.8 Transmutations
 + Level 3.3 Poison Magic


You had 3 spell levels left.
You knew the following spells:

 Your Spells              Type           Power      Damage    Failure   Level
a - Sting                 Tmut/Pois      32%        1d4       9%          1

Your spell library contained the following spells:

 Spells                   Type           Power      Damage    Failure   Level
 Poisonous Vapours        Pois/Air       12%        N/A       16%         2
 Mephitic Cloud           Conj/Pois/Air  5%         N/A       36%         3
 Olgreb's Toxic Radiance  Pois           12%        N/A       45%         4


Dungeon Overview and Level Annotations

Branches:
Dungeon (4/15)
 Temple: D:4-7

Altars:

Shops:
D:2 ?


Message History

Aim: a scorpion (lightly wounded, poisoned, 68% to hit)
The sting hits the scorpion but does no damage.
The scorpion looks even sicker.
The scorpion is lightly wounded.
The scorpion stings you.
You are poisoned.
The scorpion poisons you!
You take 1 damage, and have 12/13 hp.
You now have 1/3 mp.
Aiming: Sting (safe; 9% risk of failure)
Press: ? - help, Q - select action Shift-Dir - straight line, f/p - scorpion
Aim: a scorpion (lightly wounded, very poisoned, 68% to hit)
The sting hits the scorpion but does no damage.
The scorpion looks even sicker.
The scorpion is lightly wounded.
You feel sick. The scorpion stings you.
You take 7 damage, and have 5/13 hp.
MASSIVE DAMAGE!!
You now have 0/3 mp.
You aren't carrying any potions.
You aren't carrying any scrolls.
Unknown command.
Welcome back, jasper the Demonspawn Venom Mage.
Press ? for a list of commands and other information.
You aren't carrying any potions.
You closely miss the scorpion.
The scorpion is moderately wounded.
You feel sick. The scorpion stings you.
* * * LOW HITPOINT WARNING * * *
You take 2 damage, and have 3/13 hp.
You barely miss the scorpion.
The scorpion is heavily wounded.
* * * LOW HITPOINT WARNING * * *
You feel sick. The scorpion barely misses you. The scorpion closely misses you.
You take 1 damage, and have 2/13 hp.
You barely miss the scorpion.
The scorpion is heavily wounded.
* * * LOW HITPOINT WARNING * * *
You feel sick. The scorpion misses you.
You take 1 damage, and have 1/13 hp.
You hit the scorpion.
The scorpion is almost dead.
You die...

##..### .....
..... ....
##..###
#.....####
######.s.......
.......@.......
...............
...............
.........######
........##
......#.#
......#.#
......#.#


You could see a scorpion (very poisoned).

Vanquished Creatures
  An endoplasm (D:2)
  A hobgoblin (D:3)
  2 ball pythons
4 creatures vanquished.

Notes
Turn   | Place    | Note
-------+----------+-------------------------------------------
     0 | D:1      | jasper the Demonspawn Venom Mage began the quest for the
                  | Orb.
     0 | D:1      | Reached XP level 1. HP: 13/13 MP: 3/3
   120 | D:2      | Found Loloaj's Magic Scroll Shop.
   177 | D:4      | Noticed a scorpion
   184 | D:4      | Succumbed to a scorpion's poison

Illustrated notes

Levels and vault maps discovered:
D:1:      amcnicky_arrival_blooded_trapdoor, layout_basic, amethyst_killhole
D:2:      layout_loops_ring, basic_altar, serial_shops, shop,
          shapermc_ecumenical_altar_ellora, chequers_serial_rivers_small_3
D:3:      layout_rooms, minmay_crystal_room
D:4:      layout_basic, minmay_temple_entry_from_below_b,
          hangedman_decor_riveting, corner_web_ring, kennysheep_small_square

Action                   || total
-------------------------++-------
Melee: Unarmed           ||     6
 Cast: Sting             ||    11
Armor: Robe              ||     2
Dodge: Dodged            ||    10

Table legend: (Time is in decaauts)
 A = Elapsed time spent in this place.
 B = Non-inter-level travel time spent in this place.
 C = Inter-level travel time spent in this place.
 D = Time resting spent in this place.
 E = Time spent auto-exploring this place.
 F = Levels seen in this place.
 G = Mean time per level.
                   A        B        C        D        E       F      G
               +--------+--------+--------+--------+--------+-----+--------+
         Total |    183 |    171 |     12 |     71 |     35 |   4 |   45.8 |
       Dungeon |    183 |    171 |     12 |     71 |     35 |   4 |   45.8 |
               +--------+--------+--------+--------+--------+-----+--------+

Top non-repeatable levels by time:
     D:2: 127 daAuts
     D:3: 44 daAuts
     D:4: 6 daAuts
     D:1: 4 daAuts
